NCAA
IOWA STATE CYCLONES @ PITTSBURGH PANTHERS
05/02/2028
 
TOP OF THE 1ST
Iowa State Cyclones batting - Pitching for Pittsburgh Panthers : RHP Kelly Hicks
Pitching: RHP Kelly Hicks
Batting: RHB Pedro Rivera 0-0: Swinging Strike
0-1: Foul Ball, location: 2F
0-2: Strikes out looking
Batting: SHB Jim Graves 0-0: Ball
1-0: Ground out 4-3 (Groundball, 4)
Batting: RHB Shane Marshall 0-0: Ball
1-0: Called Strike
1-1: Called Strike
1-2: SINGLE (Line Drive, 6MD)
Batting: LHB 聲gel P廨ez 0-0: Called Strike
0-1: Foul Ball, location: 2F
0-2: Ball
Shane Marshall is caught stealing 2nd base
Top of the 1st over - 0 run(s), 1 hit(s), 0 error(s), 0 left on base; Iowa State 0 - Pittsburgh 0
BOTTOM OF THE 1ST
Pittsburgh Panthers batting - Pitching for Iowa State Cyclones : RHP Ray Reyes
Pitching: RHP Ray Reyes
Batting: SHB Tim Mullen 0-0: Ball
1-0: Ball
2-0: Ball
3-0: Called Strike
3-1: Called Strike
3-2: Strikes out swinging
Batting: RHB Phil Ford 0-0: Foul Ball, location: 2F
0-1: Ball
1-1: Foul Ball, location: 2F
1-2: DOUBLE (Flyball, 78D)
Batting: RHB Henry Cahill 0-0: Called Strike
Balk!
Phil Ford to third
0-1: Ball
1-1: Called Strike
1-2: Ball
2-2: Foul Ball, location: 2F
2-2: Strikes out swinging
Batting: LHB Pablo Garza 0-0: Called Strike
0-1: Foul Ball, location: 2F
0-2: Ball
1-2: Ball
2-2: Ball
3-2: Ground out 4-3 (Groundball, 4)
Bottom of the 1st over - 0 run(s), 1 hit(s), 0 error(s), 1 left on base; Iowa State 0 - Pittsburgh 0
TOP OF THE 2ND
Iowa State Cyclones batting - Pitching for Pittsburgh Panthers : RHP Kelly Hicks
Batting: LHB 聲gel P廨ez 0-0: Ground out 4-3 (Groundball, 4S)
Batting: SHB Ralph Marshall 0-0: Called Strike
0-1: Called Strike
0-2: Ball
1-2: Ball
2-2: Foul Ball, location: 2F
2-2: Strikes out looking
Batting: RHB Jim Hall 0-0: Ball
1-0: Called Strike
1-1: Swinging Strike
1-2: Foul Ball, location: 2F
1-2: Ball
2-2: Ball
3-2: Base on Balls
Batting: RHB Paco Camacho 0-0: Called Strike
0-1: Called Strike
0-2: Ball
1-2: Strikes out swinging
Top of the 2nd over - 0 run(s), 0 hit(s), 0 error(s), 1 left on base; Iowa State 0 - Pittsburgh 0
BOTTOM OF THE 2ND
Pittsburgh Panthers batting - Pitching for Iowa State Cyclones : RHP Ray Reyes
Batting: LHB Todd Emery 0-0: Called Strike
0-1: Ball
1-1: Ball
2-1: Called Strike
2-2: Strikes out looking
Batting: RHB Karl Stone 0-0: Ball
1-0: Foul Ball, location: 2F
1-1: Foul Ball, location: 2F
1-2: Ball
2-2: Strikes out swinging
Batting: LHB Harry Davis 0-0: Ball
1-0: Ball
2-0: Ball
3-0: Called Strike
3-1: Ground out U3 (Groundball, 3)
Bottom of the 2nd over - 0 run(s), 0 hit(s), 0 error(s), 0 left on base; Iowa State 0 - Pittsburgh 0
TOP OF THE 3RD
Iowa State Cyclones batting - Pitching for Pittsburgh Panthers : RHP Kelly Hicks
Batting: RHB Russell Cook 0-0: Foul Ball, location: 2F
0-1: Foul Ball, location: 2F
0-2: Strikes out looking
Batting: LHB Geoffrey Poole 0-0: Ball
1-0: Ball
2-0: Ball
3-0: Base on Balls
Batting: RHB Pedro Rivera 0-0: Called Strike
0-1: Foul Ball, location: 2F
0-2: Foul Ball, location: 2F
0-2: SINGLE (Line Drive, 8LS)
Geoffrey Poole to second
Batting: SHB Jim Graves 0-0: Called Strike
0-1: Called Strike
0-2: Strikes out swinging
Batting: RHB Shane Marshall 0-0: Ground out U3 (Groundball, 3)
Top of the 3rd over - 0 run(s), 1 hit(s), 0 error(s), 2 left on base; Iowa State 0 - Pittsburgh 0
BOTTOM OF THE 3RD
Pittsburgh Panthers batting - Pitching for Iowa State Cyclones : RHP Ray Reyes
Batting: LHB Brandon Davis 0-0: Ball
1-0: Foul Ball, location: 2F
1-1: Foul Ball, location: 2F
1-2: Ball
2-2: Ball
3-2: Foul Ball, location: 2F
3-2: Foul Ball, location: 2F
3-2: Strikes out swinging
Batting: RHB Richard Cardoza 0-0: SINGLE (Groundball, 6D)
Batting: SHB Tim Mullen 0-0: Ball
1-0: Called Strike
1-1: Called Strike
1-2: Ball
2-2: Strikes out looking
Batting: RHB Phil Ford 0-0: Fielders Choice at 2nd, 6-4 (Groundball, 6)
Bottom of the 3rd over - 0 run(s), 1 hit(s), 0 error(s), 0 left on base; Iowa State 0 - Pittsburgh 0
TOP OF THE 4TH
Iowa State Cyclones batting - Pitching for Pittsburgh Panthers : RHP Kelly Hicks
Batting: LHB 聲gel P廨ez 0-0: Ball
1-0: Foul Ball, location: 2F
1-1: Swinging Strike
1-2: Ball
2-2: Fly out, F8 (Flyball, 8LM)
Batting: SHB Ralph Marshall 0-0: Ball
1-0: Swinging Strike
1-1: Ball
2-1: Called Strike
2-2: Ball
3-2: Foul Ball, location: 2F
3-2: Base on Balls
Batting: RHB Jim Hall 0-0: Swinging Strike
0-1: Ball
1-1: Fly out, F9 (Flyball, 9LS)
Batting: RHB Paco Camacho 0-0: Ball
1-0: Ball
2-0: Foul Ball, location: 2F
2-1: Ball
3-1: Foul Ball, location: 2F
3-2: Foul Ball, location: 2F
3-2: Base on Balls
Ralph Marshall to second
Batting: RHB Russell Cook 0-0: Ball
1-0: Called Strike
1-1: Foul Ball, location: 2F
1-2: Fly out, F3 (Line Drive, 3)
Top of the 4th over - 0 run(s), 0 hit(s), 0 error(s), 2 left on base; Iowa State 0 - Pittsburgh 0
BOTTOM OF THE 4TH
Pittsburgh Panthers batting - Pitching for Iowa State Cyclones : RHP Ray Reyes
Batting: RHB Henry Cahill 0-0: Ball
1-0: Ground out 4-3 (Groundball, 4)
Batting: LHB Pablo Garza 0-0: Foul Ball, location: 2F
0-1: Called Strike
0-2: Fly out, F8 (Line Drive, 89M)
Batting: LHB Todd Emery 0-0: Called Strike
0-1: Ball
1-1: Ball
2-1: Fly out, F9 (Flyball, 9LM)
Bottom of the 4th over - 0 run(s), 0 hit(s), 0 error(s), 0 left on base; Iowa State 0 - Pittsburgh 0
TOP OF THE 5TH
Iowa State Cyclones batting - Pitching for Pittsburgh Panthers : RHP Kelly Hicks
Batting: LHB Geoffrey Poole 0-0: Ball
1-0: Foul Ball, location: 2F
1-1: Called Strike
1-2: Ball
2-2: Strikes out swinging
Batting: RHB Pedro Rivera 0-0: Ground out 5-3 (Groundball, 5S)
Batting: SHB Jim Graves 0-0: Called Strike
0-1: Swinging Strike
0-2: Foul Ball, location: 2F
0-2: Strikes out swinging
Top of the 5th over - 0 run(s), 0 hit(s), 0 error(s), 0 left on base; Iowa State 0 - Pittsburgh 0
BOTTOM OF THE 5TH
Pittsburgh Panthers batting - Pitching for Iowa State Cyclones : RHP Ray Reyes
Batting: RHB Karl Stone 0-0: Ball
1-0: Called Strike
1-1: Fly out, F5 (Popup, 5D)
Batting: LHB Harry Davis 0-0: Ball
1-0: Called Strike
1-1: Fly out, F7 (Flyball, 78M)
Batting: LHB Brandon Davis 0-0: Called Strike
0-1: Called Strike
0-2: Strikes out looking
Bottom of the 5th over - 0 run(s), 0 hit(s), 0 error(s), 0 left on base; Iowa State 0 - Pittsburgh 0
TOP OF THE 6TH
Iowa State Cyclones batting - Pitching for Pittsburgh Panthers : RHP Kelly Hicks
Pitching: RHP Scott Barteaux
Batting: RHB Shane Marshall 0-0: Ball
1-0: Ball
2-0: Ball
3-0: Base on Balls
Batting: LHB 聲gel P廨ez 0-0: Ball
1-0: Fly out, F8 (Flyball, 78D)
Batting: SHB Ralph Marshall 0-0: Swinging Strike
0-1: Ball
1-1: Swinging Strike
1-2: Ball
2-2: Ball
3-2: Base on Balls
Shane Marshall to second
Batting: RHB Jim Hall 0-0: Called Strike
0-1: Ball
1-1: Called Strike
Throwing error on steal attempt, E2
Shane Marshall scores
Ralph Marshall to third
1-2: Foul Ball, location: 2F
1-2: Foul Ball, location: 2F
1-2: Ground out 6-3 (Groundball, 6)
Ralph Marshall scores
Batting: RHB Paco Camacho 0-0: Called Strike
0-1: Ball
1-1: Foul Ball, location: 2F
1-2: Foul Ball, location: 2F
1-2: SINGLE (Groundball, 4MD)
Pitching: RHP Tim Wallace
Batting: RHB Russell Cook 0-0: Foul Ball, location: 2F
0-1: Foul Ball, location: 2F
0-2: Strikes out looking
Top of the 6th over - 2 run(s), 1 hit(s), 1 error(s), 1 left on base; Iowa State 2 - Pittsburgh 0
BOTTOM OF THE 6TH
Pittsburgh Panthers batting - Pitching for Iowa State Cyclones : RHP Ray Reyes
Batting: RHB Richard Cardoza 0-0: Ball
1-0: Reached on error, E5 (Groundball, 25)
Batting: SHB Tim Mullen 0-0: Ground out U3 (Groundball, 34)
Richard Cardoza to third
Batting: RHB Phil Ford 0-0: Ball
1-0: SINGLE (Groundball, 6MD)
Richard Cardoza scores
Batting: RHB Henry Cahill 0-0: Ball
1-0: Foul Ball, location: 2F
1-1: Ball
2-1: Fly out, F9 (Flyball, 9S)
Batting: LHB Pablo Garza 0-0: Ball
1-0: Ball
2-0: Ball
3-0: Foul Ball, location: 2F
3-1: Called Strike
3-2: SINGLE (Line Drive, 56D)
Phil Ford to second
Phil Ford to third
Pitching: LHP Ron Sosa
Batting: LHB Todd Emery 0-0: Ball
1-0: Ball
2-0: Swinging Strike
2-1: SINGLE (Line Drive, 6MD)
Phil Ford scores
Pablo Garza to second
Batting: RHB Karl Stone 0-0: Fly out, F7 (Line Drive, 78M)
Bottom of the 6th over - 2 run(s), 3 hit(s), 1 error(s), 2 left on base; Iowa State 2 - Pittsburgh 2
TOP OF THE 7TH
Iowa State Cyclones batting - Pitching for Pittsburgh Panthers : RHP Tim Wallace
Pitching: LHP Russ Maule
Batting: LHB Geoffrey Poole 0-0: Swinging Strike
0-1: Ball
1-1: Ball
2-1: Ball
3-1: Base on Balls
Pitching: LHP Derrick Carter
Batting: RHB Pedro Rivera 0-0: Called Strike
0-1: Ball
1-1: Bunted foul
1-2: Foul Ball, location: 2F
1-2: Foul Ball, location: 2F
1-2: Fielders Choice at 2nd, 5-4 (Groundball, 56)
Batting: SHB Jim Graves 0-0: Ball
1-0: Swinging Strike
1-1: Ball
2-1: Foul Ball, location: 2F
2-2: Ball
3-2: Strikes out swinging
Batting: RHB Shane Marshall 0-0: Swinging Strike
0-1: Swinging Strike
0-2: Ball
1-2: Strikes out swinging
Top of the 7th over - 0 run(s), 0 hit(s), 0 error(s), 1 left on base; Iowa State 2 - Pittsburgh 2
BOTTOM OF THE 7TH
Pittsburgh Panthers batting - Pitching for Iowa State Cyclones : LHP Ron Sosa
Batting: LHB Harry Davis 0-0: Reached on error, E6 (Groundball, 6)
Batting: LHB Brandon Davis 0-0: Sac Bunt - play at first, batter OUT! 3-4
Harry Davis to second
Batting: RHB Richard Cardoza 0-0: Called Strike
0-1: Fly out, F8 (Flyball, 8LM)
Batting: SHB Tim Mullen 0-0: Ball
1-0: Swinging Strike
1-1: Ball
2-1: Ground out 6-3 (Groundball, 6)
Bottom of the 7th over - 0 run(s), 0 hit(s), 1 error(s), 1 left on base; Iowa State 2 - Pittsburgh 2
TOP OF THE 8TH
Iowa State Cyclones batting - Pitching for Pittsburgh Panthers : LHP Derrick Carter
Batting: LHB 聲gel P廨ez 0-0: Ball
1-0: Ball
2-0: SINGLE (Flyball, 9LM)
Pinch Runner at 1st Mike O'Bryan:
Batting: SHB Ralph Marshall 0-0: Ball
Mike O'Bryan steals 2nd base
1-0: Intentional Walk
Batting: RHB Jim Hall 0-0: Ball
1-0: Sac Bunt - play at first, batter OUT! 1-4
Mike O'Bryan to third
Ralph Marshall to second
Batting: RHB Paco Camacho 0-0: Ball
1-0: Ball
2-0: Ball
3-0: Called Strike
3-1: SINGLE (Groundball, 4MD)
Mike O'Bryan scores
Ralph Marshall to third
Runner from 3rd tries for Home, SAFE, no throw
Pitching: LHP F幨ix Turcotte
Batting: RHB Russell Cook 0-0: Foul Ball, location: 2F
0-1: Ball
1-1: Swinging Strike
1-2: Ball
2-2: Strikes out swinging
Batting: LHB Geoffrey Poole 0-0: Ball
1-0: Fly out, F7 (Line Drive, 7)
Top of the 8th over - 2 run(s), 2 hit(s), 0 error(s), 1 left on base; Iowa State 4 - Pittsburgh 2
BOTTOM OF THE 8TH
Pittsburgh Panthers batting - Pitching for Iowa State Cyclones : LHP Ron Sosa
Now in RF: Mike O'Bryan
Batting: RHB Phil Ford 0-0: Ball
1-0: Foul Ball, location: 2F
1-1: Foul Ball, location: 2F
1-2: Ground out 5-3 (Groundball, 56S)
Batting: RHB Henry Cahill 0-0: Foul Ball, location: 2F
0-1: Swinging Strike
0-2: Ball
1-2: Ball
2-2: Strikes out swinging
Batting: LHB Pablo Garza 0-0: Called Strike
0-1: Ball
1-1: Ball
2-1: Ball
3-1: Ground out U3 (Groundball, 3)
Bottom of the 8th over - 0 run(s), 0 hit(s), 0 error(s), 0 left on base; Iowa State 4 - Pittsburgh 2
TOP OF THE 9TH
Iowa State Cyclones batting - Pitching for Pittsburgh Panthers : LHP F幨ix Turcotte
Batting: RHB Pedro Rivera 0-0: Foul Ball, location: 2F
0-1: Called Strike
0-2: Ball
1-2: Foul Ball, location: 2F
1-2: Ball
2-2: Foul Ball, location: 2F
2-2: Strikes out looking
Batting: SHB Jim Graves 0-0: Ball
1-0: Called Strike
1-1: Ball
2-1: Foul Ball, location: 2F
2-2: Ball
3-2: Strikes out swinging
Batting: RHB Shane Marshall 0-0: Foul Ball, location: 2F
0-1: Swinging Strike
0-2: Ball
1-2: Foul Ball, location: 2F
1-2: Ball
2-2: Foul Ball, location: 2F
2-2: Foul Ball, location: 2F
2-2: Ball
3-2: SINGLE (Groundball, 34D)
Batting: LHB Mike O'Bryan 0-0: Ball
1-0: Foul Ball, location: 2F
1-1: Ball
2-1: SINGLE (Line Drive, 4MD)
Shane Marshall to second
Batting: SHB Ralph Marshall 0-0: Foul Ball, location: 2F
0-1: Fly out, F6 (Line Drive, 6)
Top of the 9th over - 0 run(s), 2 hit(s), 0 error(s), 2 left on base; Iowa State 4 - Pittsburgh 2
BOTTOM OF THE 9TH
Pittsburgh Panthers batting - Pitching for Iowa State Cyclones : LHP Ron Sosa
Pitching: LHP Jorge Rinl鏮
Batting: LHB Todd Emery 0-0: Called Strike
0-1: Ball
1-1: Ball
2-1: Fly out, F7 (Flyball, 7D)
Batting: RHB Karl Stone 0-0: Ball
1-0: Foul Ball, location: 2F
1-1: Ball
2-1: Ball
3-1: SINGLE (Flyball, 89S)
Batting: LHB Harry Davis 0-0: Ball
1-0: Swinging Strike
1-1: Foul Ball, location: 2F
1-2: Strikes out swinging
Batting: LHB Brandon Davis 0-0: Ball
1-0: Foul Ball, location: 2F
1-1: Fly out, F8 (Flyball, 8RD)
Bottom of the 9th over - 0 run(s), 1 hit(s), 0 error(s), 1 left on base; Iowa State 4 - Pittsburgh 2
Tuesday, August 8th, 2017 - OOTP Baseball 17.12 Build 75